 Dungeon Crawl Stone Soup version 0.28-a0-1152-g9c71ebef14 (webtiles) character file.

Game seed: 6690943357798704709

296172 oldriver the Sorcerer (level 20, -4/165 HPs)
             Began as a Yellow Draconian Conjurer on Dec 12, 2021.
             Was the Champion of Vehumet.
             Killed from afar by an ironbound frostheart (34 damage)
             ... by creeping frost
             ... on level 1 of the Vaults on Dec 14, 2021.
             The game lasted 02:30:02 (63016 turns).

oldriver the Sorcerer (Yellow Draconian Conjurer)  Turns: 63016, Time: 02:30:03

Health: -4/165     AC: 15    Str: 11    XL:     20   Next: 7%
Magic:  19/54      EV: 13    Int: 30    God:    Vehumet [******]
Gold:   2270       SH:  7    Dex: 10    Spells: 5/62 levels left

rFire   + . .      SeeInvis +   Z - +0 staff of Battle
rCold   + + .      Faith    .   e - +3 buckler
rNeg    . . .      Spirit   .   (armour unavailable)
rPois   .          Reflect  .   O - +0 mask of the Dragon {Will+ Slay+3 SInv}
rElec   +          Harm     .   G - +0 cloak
rCorr   +          Rampage  .   W - +0 pair of gloves
Will    +....                   E - +2 pair of boots {Fly}
Stlth   +++.......              N - amulet "Adoash" {RegenMP rElec rC+ Will- MP+9 Int+4}
HPRegen 0.37/turn               K - ring of Oenomania {+Blink rC+ Stlth+}
MPRegen 0.74/turn               T - ring of protection from fire

@: marked, flying
A: spit acid, AC +10, unfitting armour, acidic bite, cold-blooded, acid
resistance
}: 2/15 runes: serpentine, barnacled
a: Breathe Acid, Renounce Religion, Evoke Blink


You were on level 1 of the Vaults.
You worshipped Vehumet.
Vehumet was exalted by your worship.
You visited 7 branches of the dungeon, and saw 34 of its levels.
You visited 1 bazaar.
You also visited: Bailey and Ice Cave.

You collected 3838 gold pieces.
You spent 1568 gold pieces at shops.

Inventory:

Hand Weapons
 Z - the +0 staff of Battle (weapon)
   (You acquired it on level 4 of the Shoals)

   It enhances your conjuration magic.
   It summons a battlesphere in combat, with strength depending on Conjurations
   skill.
   Its strikes trigger the battlesphere's blasts.
Missiles
 P - 4 throwing nets
Armour
 e - a +3 buckler (worn)
 E - a +2 pair of boots of flying (worn)
 G - a +0 cloak (worn)
 O - the +0 mask of the Dragon (worn) {Will+ Slay+3 SInv}
   (You found it on level 5 of the Lair of Beasts)

   Slay:      It affects your accuracy & damage with ranged weapons and melee
   (+3).
   SInv:      It lets you see invisible.
   Will:      It increases your willpower.
 W - a +0 pair of gloves (worn)
Magical Staves
 x - a staff of poison
Jewellery
 c - a ring of ice
 t - a ring of ice
 u - a ring of positive energy
 w - a ring of protection from cold
 D - a ring of willpower
 K - the ring of Oenomania (left hand) {+Blink rC+ Stlth+}
   (You acquired it in a bailey)

   [ring of protection from cold]

   rC:        It protects you from cold.
   +Blink:    It lets you blink.
   Stlth:     It makes you more stealthy.
 N - the amulet "Adoash" (around neck) {RegenMP rElec rC+ Will- MP+9 Int+4}
   (You bought it in a shop on level 2 of the Orcish Mines)

   [amulet of magic regeneration]

   It increases your rate of magic regeneration.
   Int:       It affects your intelligence (+4).
   rC:        It protects you from cold.
   rElec:     It insulates you from electricity.
   MP:        It affects your magic capacity (+9).
   Will:      It decreases your willpower.
 T - a ring of protection from fire (right hand)
Wands
 h - a wand of flame (67)
 i - a wand of paralysis (9)
 n - a wand of iceblast (10)
 s - a wand of charming (9)
 v - a wand of digging (6)
 y - a wand of acid (20)
 B - a wand of polymorph (19)
 C - a wand of mindburst (7)
Scrolls
 b - 8 scrolls of enchant weapon
 d - 12 scrolls of identify
 f - 5 scrolls of magic mapping
 g - 5 scrolls of immolation
 j - 17 scrolls of teleportation
 m - 4 scrolls of amnesia
 r - 3 scrolls of fear
 L - a scroll of summoning
 M - 6 scrolls of enchant armour
 Q - a scroll of holy word
 V - a scroll of fog
 X - a scroll of torment
 Y - a scroll of brand weapon
Potions
 a - a potion of cancellation
 k - 4 potions of magic
 l - a potion of mutation
 o - 10 potions of brilliance
 p - 4 potions of lignification
 q - 5 potions of attraction
 z - 6 potions of might
 A - 3 potions of haste
 F - 3 potions of heal wounds
 H - 2 potions of invisibility
 J - a potion of resistance
 R - a potion of curing


   Skills:
 * Level 11.0 Fighting
 - Level 1.1 Staves
 + Level 4.7 Dodging
 + Level 4.3 Stealth
 - Level 4.0 Shields
 * Level 21.5 Spellcasting
 * Level 20.4 Conjurations
 + Level 7.8 Hexes
 - Level 8.3 Translocations
 * Level 4.8 Fire Magic
 + Level 1.4 Earth Magic
 + Level 0.1 Poison Magic
 + Level 1.0 Evocations


You had 5 spell levels left.
You knew the following spells:

 Your Spells              Type           Power      Damage    Failure   Level
a - Magic Dart            Conj           100%       1d8       0%          1
b - Iskenderun's Battles  Conj           100%       2d15      0%          5
c - Iskenderun's Mystic   Conj/Tloc      100%       2d19      1%          4
d - Fulminant Prism       Conj/Hex       54%        3d23      1%          4
e - Mephitic Cloud        Conj/Pois/Air  84%        N/A       1%          3
f - Iron Shot             Conj/Erth      49%        9d9       1%          6
g - Orb of Destruction    Conj           62%        9d17      1%          7
h - Swiftness             Air            32%        N/A       3%          3
i - Searing Ray           Conj           100%       2d8       0%          2
j - Manifold Assault      Tloc           70%        N/A       1%          5
k - Fire Storm            Conj/Fire      52%        8d13      80%         9
l - Ignition              Fire           28%        3d9       90%         8

Your spell library contained the following spells:

 Spells                   Type           Power      Damage    Failure   Level
 Lehudib's Crystal Spear  Conj/Erth      49%        10d12     21%         8
 Polar Vortex             Ice            16%        N/A       100%        9
 Foxfire                  Conj/Fire      100%       2x1d9     0%          1
 Conjure Flame            Conj/Fire      100%       6-21      0%          3
 Dazzling Flash           Conj/Hex       100%       N/A       0%          3
 Apportation              Tloc           100%       N/A       1%          1
 Summon Small Mammal      Summ           100%       N/A       1%          1
 Blink                    Tloc           100%       N/A       1%          2
 Call Imp                 Summ           32%        N/A       1%          2
 Corpse Rot               Necr/Air       64%        N/A       1%          2
 Passwall                 Tmut/Erth      30%        N/A       1%          2
 Sublimation of Blood     Necr           32%        N/A       1%          2
 Wereblood                Tmut           32%        N/A       1%          2
 Inner Flame              Hex/Fire       63%        N/A       1%          3
 Lesser Beckoning         Tloc           70%        N/A       1%          3
 Summon Guardian Golem    Hex/Summ       54%        N/A       1%          3
 Flame Wave               Conj/Fire      100%       2d14      1%          4
 Olgreb's Toxic Radiance  Pois           33%        N/A       2%          4
 Call Canine Familiar     Summ           32%        N/A       3%          3
 Ozocubu's Armour         Ice            32%        N/A       3%          3
 Lee's Rapid Deconstruct  Erth           20%        3d13*     4%          5
 Dispel Undead            Necr           32%        3d14      11%         4
 Summon Lightning Spire   Summ/Air       32%        N/A       11%         4
 Borgnjor's Vile Clutch   Necr/Erth      18%        N/A       22%         5
 Alistair's Intoxication  Tmut/Pois      21%        N/A       28%         5
 Blade Hands              Tmut           16%        N/A       30%         5
 Dispersal                Tloc           35%        N/A       5%          6
 Eringya's Noxious Bog    Tmut/Pois      16%        N/A       36%         6
 Death Channel            Necr           16%        N/A       86%         6
 Ozocubu's Refrigeration  Ice            16%        4d8       89%         7
 Disjunction              Tloc           35%        N/A       93%         8
 Storm Form               Tmut/Air       16%        N/A       100%        7
 Summon Hydra             Summ           16%        N/A       100%        7
 Maxwell's Capacitive Co  Air            16%        ∞         100%        8
 Animate Armour           Summ/Erth      Unusable   N/A       N/A         4

Dungeon Overview and Level Annotations

Branches:
Dungeon (15/15)            Temple (1/1) D:6            Lair (6/6) D:9
 Shoals (4/4) Lair:4        Snake (4/4) Lair:4        Slime (0/5) Lair:6
    Orc (2/2) D:12            Elf (0/3) Orc:2        Vaults (2/5) D:13
 Depths (0/4) D:15         Bailey (visited)           IceCv (visited)
  Crypt: Vaults:2-3

Altars:
Ashenzari
Cheibriados
Dithmenos
Elyvilon
Fedhas
Gozag
Hepliaklqana
Kikubaaqudgha
Makhleb
Nemelex Xobeh
Okawaru
Qazlal
Ru
Sif Muna
Trog
Uskayaw
Vehumet
Wu Jian
Xom
Yredelemnul
Zin
The Shining One
Beogh
Jiyva

Shops:
D:9 [!   D:13 *   D:15 ?   Orc:1 =   Orc:2 ([=*   Snake:4 *

Portals:
Trove: D:12 (give 6 scrolls of fear)

Annotations:
D:9 Grum
D:12 3 runed translucent doors, ReploidZero's ghost, journeyman DjFE
D:13 2 transporters, Hazorath's ghost, journeyman TrFi
Lair:2 1 runed translucent door, blank1's ghost, journeyman MiFi
Shoals:1 3 runed translucent doors, Todgh's ghost, adept GrFi
Snake:2 3 runed translucent doors


Innate Abilities, Weirdness & Mutations

You can spit globs of acid.
Your golden yellow scales are hard. (AC +10)
You cannot fit into any form of body armour.
You have acidic saliva.
You are cold-blooded and may be slowed by cold attacks.
You are resistant to acid. (rCorr)


Message History

The frost grips you!! You partially resist.
* * * LOW HITPOINT WARNING * * *
You are encased in ice.
The frost grips your battlesphere!!
Your battlesphere partially resists.
Your battlesphere is destroyed!
The ironbound convoker is engulfed in noxious fumes.
The ironbound convoker appears confused.
Casting: Iskenderun's Mystic Blast (safe; 1% risk of failure)
Confirm with . or Enter, or press ? or * to list all spells.
Aiming: Orb of Destruction (mildly dangerous; 1% risk of failure)
Press: ? - help, Shift-Dir - straight line, f - wizard
Aim: a wizard, wielding a +0 dagger and wearing a +0 robe (severely wounded, sheltered from injuries, confused)
You feel a surge of power!
You conjure a globe of magical energy.
The wizard hits the ironbound frostheart with a +0 dagger.
The wizard is engulfed in noxious fumes.
The ironbound frostheart calls freezing cold from the walls.
The frost grips you!! You partially resist.
* * * LOW HITPOINT WARNING * * *
The ironbound convoker is engulfed in noxious fumes.
The ironbound convoker appears confused.
The ironbound convoker hits the wizard with a +0 great mace.
The ironbound convoker hits itself with a +0 great mace!!
A brown ugly thing comes into view.
The ironbound convoker is engulfed in noxious fumes.
Okay, then.
You feel much better. The ice encasing you melts away.
The orb of destruction hits the slime creature!!!!
You blow up the slime creature!
Vehumet accepts your kill.
You feel your power returning.
The wizard is engulfed in noxious fumes.
The wizard appears confused.
The ironbound convoker is engulfed in noxious fumes.
The ironbound convoker appears confused.
The ironbound convoker cries.
The ironbound frostheart calls freezing cold from the walls.
The frost grips you!! You partially resist.
You die...

#.... #.... .. #....
.. ####### #.... ...
#.....## #....# ..○
.......## #....# .°○.
#.....#.#
#....#############....
.#####..#
#....@○○pp☼pu....○....
.#####..#
#....*....pp..).......
#.....#.#
#.........p...........
.......##
#.....................
#.....#.#
#......)...○...)..)...
.#####..#
#..###############....
.#####..# #..# ....
#.....#.# #..# ..p.
.......## #..# ....


You could see a brown ugly thing, an ironbound frostheart, 3 ironbound
convokers, 2 wizards and a friendly battlesphere.

Vanquished Creatures
  Vashnia (Snake:4)
  A kraken (Shoals:3)
  3 sphinxes
  5 nagarajas
  A frost giant (IceCv)
  2 vault wardens (Vaults:2)
  An orc warlord (Orc:2)
  4 very ugly things
  2 ironbound thunderhulks (Vaults:2)
  A dire elephant (D:15)
  A deep elf annihilator (Vaults:2)
  3 minotaurs (Shoals:4)
  A merfolk javelineer (Shoals:4)
  2 crystal guardians (Vaults:1)
  5 merfolk impalers
  4 yaktaur captains
  A fire dragon (D:14)
  Fannar (Orc:1)
  A rakshasa (D:13)
  Erolcha (D:9)
  4 catoblepae
  4 vault guards (D:13)
  5 boulder beetles
  12 naga warriors
  7 hydras
  A merfolk avatar (Shoals:4)
  9 anacondas
  5 salamander tyrants
  A peacekeeper (Vaults:1)
  15 satyrs
  3 ironbound frosthearts (Vaults:1)
  An alligator snapping turtle (Shoals:4)
  4 centaur warriors
  A death knight (D:15)
  A tengu warrior (D:13)
  3 merfolk aquamancers
  7 two-headed ogres
  19 death yaks
  An orc high priest (Orc:2)
  Urug (Orc:1)
  6 shock serpents
  Nergalle (Orc:2)
  7 naga sharpshooters
  7 salamander mystics
  A deep troll (shapeshifter) (D:13)
  2 skeletal warriors (D:15)
  21 sea snakes
  Pikel (D:6)
  13 naga ritualists
  A phantasmal warrior (D:15)
  A wizard (Vaults:1)
  6 ironbound convokers
  5 lindwurms
  18 harpies
  8 mana vipers
  13 orc knights
  A faun (shapeshifter) (Vaults:2)
  An orc sorcerer (Orc:2)
  5 cyclopes
  16 fauns
  2 wolf spiders
  13 ugly things
  14 manticores
  12 salamanders
  2 elephants (Lair:4)
  5 guardian serpents
  13 naga magi
  39 black mambas
  4 merfolk sirens (Shoals:4)
  6 cane toads
  An ice statue (IceCv)
  5 vault sentinels
  8 water nymphs
  2 torpor snails
  A gargoyle (D:13)
  8 rime drakes
  10 komodo dragons
  2 freezing wraiths (D:15)
  8 yaktaurs
  An efreet (D:14)
  2 kobold demonologists
  2 ice devils (Lair:3)
  10 trolls
  7 wind drakes
  5 polar bears
  A sphinx simulacrum (Vaults:1)
  25 merfolk
  11 snapping turtles
  A fire giant simulacrum (Vaults:1)
  15 blink frogs
  7 slime creatures
  25 dream sheep
  A meliai zombie (D:11)
  A centaur simulacrum (D:13)
  A redback (D:13)
  2 vampires (D:14)
  11 water elementals
  8 wyverns
  Eustachio (D:5)
  A shadow (D:12)
  Sigmund (D:5)
  88 yaks
  3 steam dragons
  9 basilisks
  4 wraiths
  8 vampire mosquitoes
  Menkaure (D:4)
  45 nagas
  An acid dragon (D:9)
  3 wargs (Orc:2)
  Duvessa (D:5)
  11 water moccasins
  A swamp drake (D:12)
  A hornet zombie (D:5)
  49 orc warriors
  2 black bears
  2 ice beasts
  2 sky beasts (D:7)
  7 ogres
  21 centaurs
  A phantom (D:4)
  36 wolves
  5 boggarts (Vaults:1)
  2 kobold brigands
  2 gnoll sergeants
  7 bullfrogs
  4 scorpions
  A wyvern skeleton (D:6)
  Dowan (D:5)
  2 electric eels
  5 centaur zombies
  11 orc priests
  3 jellies
  2 centaur skeletons
  3 iguanas
  26 orc wizards
  A scorpion zombie (D:5)
  A hound zombie (D:5)
  2 hound skeletons (D:4)
  3 howler monkey zombies
  14 gnolls
  7 adders
  A shadow imp (D:6)
  A white imp (D:8)
  An adder skeleton (D:4)
  3 dart slugs
  95 orcs
  10 ball pythons
  6 endoplasms
  A giant cockroach (D:2)
  6 hobgoblins
  A quokka (D:5)
  7 bats
  3 frilled lizards
  2 goblins
  12 kobolds
  3 rats
  3 fulminant prisms
  3 tentacles (Shoals:3)
1129 creatures vanquished.

Vanquished Creatures (collateral kills)
  An ironbound preserver (Vaults:1)
1 creature vanquished.

Vanquished Creatures (others)
  333 fulminant prisms
  75 fungi
  197 plants
  A tentacle (Shoals:3)
606 creatures vanquished.

Grand Total: 1736 creatures vanquished

Notes
Turn   | Place    | Note
-------+----------+-------------------------------------------
     0 | D:1      | oldriver the Draconian Conjurer began the quest for the
                  | Orb.
     0 | D:1      | Reached XP level 1. HP: 14/14 MP: 3/3
   313 | D:1      | Reached XP level 2. HP: 20/20 MP: 2/5
   712 | D:2      | Found a sparkling altar of Nemelex Xobeh.
   719 | D:2      | Reached skill level 3 in Spellcasting
  1207 | D:2      | Reached XP level 3. HP: 26/26 MP: 5/7
  1419 | D:2      | Learned a level 2 spell: Searing Ray
  1886 | D:3      | Reached skill level 4 in Spellcasting
  2072 | D:3      | Found a stormy altar of Qazlal.
  2180 | D:4      | Reached XP level 4. HP: 29/33 MP: 5/10
  2487 | D:4      | Noticed Menkaure
  2493 | D:4      | Killed Menkaure
  2494 | D:4      | Reached skill level 5 in Spellcasting
  2494 | D:4      | Reached XP level 5. HP: 38/38 MP: 4/13
  2746 | D:4      | Reached XP level 6. HP: 40/45 MP: 6/14
  2850 | D:4      | Reached skill level 6 in Spellcasting
  3113 | D:4      | Identified the -6 buckler "Apnad" {Regen+ Dex+3}
  4094 | D:5      | Entered Level 5 of the Dungeon
  4280 | D:5      | Your scales start taking on a golden yellow colour.
  4280 | D:5      | Reached XP level 7. HP: 46/51 MP: 5/17
  4280 | D:5      | Gained mutation: You are resistant to acid. (rCorr) [Yellow
                  | Draconian growth]
  4381 | D:5      | Reached skill level 7 in Spellcasting
  4940 | D:5      | Noticed Sigmund
  4945 | D:5      | Killed Sigmund
  4946 | D:5      | Reached skill level 1 in Fighting
  4946 | D:5      | Reached skill level 5 in Conjurations
  5162 | D:5      | Noticed Eustachio
  5171 | D:5      | Killed Eustachio
  5172 | D:5      | Reached skill level 8 in Spellcasting
  5172 | D:5      | Reached XP level 8. HP: 59/59 MP: 10/20
  5387 | D:5      | Learned a level 4 spell: Iskenderun's Mystic Blast
  5392 | D:5      | Learned a level 4 spell: Fulminant Prism
  5416 | D:5      | Noticed Duvessa
  5417 | D:5      | Noticed Dowan
  5437 | D:5      | Killed Duvessa
  5458 | D:5      | Killed Dowan
  6350 | D:6      | Found a staircase to the Ecumenical Temple.
  6508 | D:6      | Reached skill level 9 in Spellcasting
  7076 | D:6      | Reached XP level 9. HP: 67/67 MP: 13/22
  7160 | D:6      | Found a burning altar of Makhleb.
  7643 | D:7      | Noticed Pikel
  7661 | D:6      | Killed Pikel
  7662 | D:6      | Reached skill level 10 in Spellcasting
  7662 | D:6      | Reached skill level 1 in Translocations
  8762 | Temple   | Entered the Ecumenical Temple
  8985 | Temple   | Became a worshipper of Vehumet
 11742 | D:8      | Reached XP level 10. HP: 68/73 MP: 20/24
 12258 | D:8      | Reached skill level 11 in Spellcasting
 12926 | D:9      | Noticed Erolcha
 13057 | D:9      | Killed Erolcha
 13276 | D:9      | Reached * piety under Vehumet
 13276 | D:9      | Offered knowledge of Shock by Vehumet.
 13868 | D:9      | Noticed Grum
 13883 | D:9      | HP: 2/74 [wolf[Grum] (6)]
 14733 | D:9      | Reached skill level 1 in Hexes
 15261 | D:9      | Found a staircase to the Lair.
 15356 | D:9      | Reached skill level 12 in Spellcasting
 15356 | D:9      | Noticed a two-headed ogre
 15552 | D:9      | Killed a two-headed ogre
 15553 | D:9      | Reached skill level 10 in Conjurations
 15553 | D:9      | Reached XP level 11. HP: 65/80 MP: 8/27
 15653 | D:9      | Found Oddilon's Antique Armour Shop.
 15713 | D:9      | Found Ipuysm's Distillery.
 15723 | D:9      | Bought a potion of heal wounds for 60 gold pieces
 15891 | Lair:1   | Entered Level 1 of the Lair of Beasts
 15891 | Lair:1   | Noticed a five-headed hydra
 15901 | Lair:1   | Killed a five-headed hydra
 16631 | Lair:1   | Offered knowledge of Scorch by Vehumet.
 16875 | Lair:1   | Reached ** piety under Vehumet
 17554 | Lair:2   | Reached skill level 13 in Spellcasting
 17723 | Lair:2   | Found a runed translucent door.
 17724 | Lair:2   | Found a shimmering altar of Xom.
 17724 | Lair:2   | Noticed blank1's ghost (journeyman MiFi)
 18325 | Lair:2   | Noticed a +1 glaive of chaos
 18990 | Lair:3   | Reached XP level 12. HP: 88/88 MP: 21/29
 19027 | Lair:3   | Found a frozen archway.
 19117 | IceCv    | Entered an ice cave
 19145 | IceCv    | Offered knowledge of Frozen Ramparts by Vehumet.
 19286 | IceCv    | Noticed a death yak
 19300 | IceCv    | Killed a death yak
 19433 | IceCv    | Noticed a death yak
 19467 | IceCv    | Noticed a death yak
 19506 | IceCv    | Reached skill level 5 in Hexes
 19520 | IceCv    | HP: 6/132 [death yak (11)]
 19523 | IceCv    | Killed a death yak
 19525 | IceCv    | Killed a death yak
 20287 | IceCv    | Noticed a death yak
 20287 | IceCv    | Noticed a death yak
 20287 | IceCv    | Noticed a death yak
 20299 | IceCv    | Noticed a death yak
 20312 | IceCv    | Killed a death yak
 20328 | IceCv    | Killed a death yak
 20328 | IceCv    | Reached *** piety under Vehumet
 20329 | IceCv    | Reached skill level 5 in Translocations
 20352 | IceCv    | Killed a death yak
 20646 | IceCv    | Killed a death yak
 20647 | IceCv    | Reached skill level 14 in Spellcasting
 20821 | IceCv    | Noticed a frost giant
 20840 | IceCv    | Killed a frost giant
 21001 | IceCv    | Noticed a death yak
 21059 | IceCv    | Killed a death yak
 22359 | D:10     | Entered Level 10 of the Dungeon
 22373 | D:10     | Reached XP level 13. HP: 87/93 MP: 15/31
 22476 | D:10     | Offered knowledge of Hailstorm by Vehumet.
 22880 | D:10     | Found a shimmering altar of Xom.
 23894 | D:10     | Found a sparkling altar of Nemelex Xobeh.
 24394 | D:11     | Reached **** piety under Vehumet
 25134 | D:12     | Found a runed translucent gate.
 25135 | D:12     | Found a runed translucent gate.
 25136 | D:12     | Found a runed translucent gate.
 25137 | D:12     | Noticed ReploidZero's ghost (journeyman DjFE)
 25575 | D:12     | Offered knowledge of Freezing Cloud by Vehumet.
 26239 | D:12     | Found a staircase to the Orcish Mines.
 26769 | D:12     | Found a portal to a secret trove of treasure.
 27567 | Lair:3   | Found a broken altar of Ashenzari.
 28205 | Lair:3   | Reached skill level 15 in Spellcasting
 28939 | Lair:3   | Learned a level 3 spell: Mephitic Cloud
 29008 | Lair:3   | Learned a level 6 spell: Iron Shot
 29376 | Lair:4   | Found a staircase to the Shoals.
 29404 | Lair:4   | Reached ***** piety under Vehumet
 29412 | Lair:4   | Found a staircase to the Snake Pit.
 29431 | Lair:4   | Offered knowledge of Olgreb's Toxic Radiance by Vehumet.
 30704 | Lair:5   | Gained mutation: You have acidic saliva. [Yellow Draconian
                  | growth]
 30704 | Lair:5   | Reached XP level 14. HP: 102/102 MP: 18/33
 31630 | Lair:5   | Found the +0 mask of the Dragon {Will+ Slay+3 SInv}
 32287 | Lair:6   | Entered Level 6 of the Lair of Beasts
 32298 | Lair:6   | Reached skill level 16 in Spellcasting
 32299 | Lair:6   | Reached skill level 15 in Conjurations
 32995 | Lair:6   | Offered knowledge of Airstrike by Vehumet.
 34312 | Lair:6   | Found a viscous altar of Jiyva.
 34313 | Lair:6   | Found a staircase to the Slime Pits.
 34552 | Lair:6   | Reached skill level 5 in Fighting
 35886 | Orc:1    | Entered Level 1 of the Orcish Mines
 36045 | Orc:1    | Noticed Fannar
 36307 | Orc:1    | Killed Fannar
 36420 | Orc:1    | Found a bloodstained altar of Trog.
 36439 | Orc:1    | Found a flagged portal.
 36448 | Bailey   | Entered a bailey
 36579 | Bailey   | Acquired the ring of Oenomania {+Blink rC+ Stlth+}
 36609 | Bailey   | Reached XP level 15. HP: 113/113 MP: 24/35
 36638 | Bailey   | Upgraded the game from 0.28-a0-1130-gc51a68064b to
                  | 0.28-a0-1152-g9c71ebef14
 36642 | Bailey   | Reached skill level 1 in Earth Magic
 36642 | Bailey   | Reached skill level 1 in Evocations
 36807 | Bailey   | Offered knowledge of Orb of Destruction by Vehumet.
 36818 | Bailey   | Learned a level 7 spell: Orb of Destruction
 36822 | Bailey   | Learned a level 3 spell: Swiftness
 37049 | Orc:1    | Noticed Urug
 37057 | Orc:1    | Killed Urug
 37220 | Orc:1    | Found Quunkul's Jewellery Shoppe.
 37559 | Orc:2    | Entered Level 2 of the Orcish Mines
 37560 | Orc:2    | Found a staircase to the Elven Halls.
 37825 | Orc:2    | Reached skill level 17 in Spellcasting
 38539 | Orc:2    | Noticed Nergalle
 38649 | Orc:2    | Noticed an orc warlord
 38656 | Orc:2    | Killed an orc warlord
 39088 | Orc:2    | Killed Nergalle
 39961 | Orc:2    | Found Immiwat's Jewellery Shop.
 39996 | Orc:2    | Found Kain Bur's Antique Weapon Shop.
 40019 | Orc:2    | Bought the amulet "Adoash" {RegenMP rElec rC+ Will- MP+9
                  | Int+4} for 1185 gold pieces
 40815 | Orc:2    | Found Ogynlyis's Antique Armour Shop.
 40837 | Orc:2    | Found Ticvemut's General Store.
 40843 | Orc:2    | Bought a potion of heal wounds for 50 gold pieces
 41203 | Snake:1  | Entered Level 1 of the Snake Pit
 41430 | Snake:1  | Reached skill level 1 in Shields
 41431 | Snake:1  | Offered knowledge of Iskenderun's Battlesphere by Vehumet.
 42594 | D:13     | Learned a level 5 spell: Iskenderun's Battlesphere
 43079 | D:13     | Found Elel's General Store.
 43210 | D:13     | Found a gate to the Vaults.
 43457 | D:13     | Found a transporter.
 43460 | D:13     | Noticed Hazorath's ghost (journeyman TrFi)
 43475 | D:13     | Found a transporter.
 44050 | D:14     | Reached skill level 18 in Spellcasting
 44324 | D:15     | Entered Level 15 of the Dungeon
 44359 | D:15     | Reached XP level 16. HP: 90/124 MP: 27/38
 44741 | D:15     | Found Ygiutou's Magic Scroll Shoppe.
 44752 | D:15     | Bought a scroll of teleportation for 36 gold pieces
 44752 | D:15     | Bought a scroll of fear for 42 gold pieces
 44752 | D:15     | Bought a scroll of teleportation for 36 gold pieces
 44752 | D:15     | Acquired a +0 pair of boots of flying
 44918 | D:15     | Found a staircase to the Depths.
 45759 | Snake:1  | Identified the -2 pair of boots of Dawn {Int+4}
 46725 | Snake:2  | Found a runed translucent gate.
 46725 | Snake:2  | Found a runed translucent gate.
 46725 | Snake:2  | Found a runed translucent gate.
 48475 | Snake:3  | Reached ****** piety under Vehumet
 49351 | Snake:3  | Reached skill level 19 in Spellcasting
 49933 | Snake:3  | Found a glowing silver altar of Zin.
 50039 | Snake:3  | Reached XP level 17. HP: 131/135 MP: 38/40
 50140 | Snake:4  | Entered Level 4 of the Snake Pit
 50387 | Snake:4  | Found Esiteijap's Assorted Antiques.
 50406 | Snake:4  | Bought a scroll of teleportation for 87 gold pieces
 50423 | Snake:4  | Offered knowledge of Yara's Violent Unravelling by Vehumet.
 51482 | Snake:4  | Noticed Vashnia
 52651 | Snake:4  | Killed Vashnia
 53261 | Snake:4  | Offered knowledge of Lee's Rapid Deconstruction by Vehumet.
 53588 | Snake:4  | Got a serpentine rune of Zot
 53776 | Shoals:1 | Entered Level 1 of the Shoals
 53784 | Shoals:1 | Reached skill level 20 in Spellcasting
 53867 | Shoals:1 | Identified the +11 mace of Painful Death {vorpal, Fragile
                  | Str+6 Dex-4 SInv}
 54066 | Shoals:1 | Found a runed translucent gate.
 54067 | Shoals:1 | Found a runed translucent gate.
 54068 | Shoals:1 | Found a runed translucent gate.
 54070 | Shoals:1 | Noticed Todgh's ghost (adept GrFi)
 54907 | Shoals:2 | HP: 4/138 [water nymph/the raging water (36)]
 56158 | Shoals:3 | Found a flickering gateway to a bazaar.
 56164 | Bazaar   | Entered a bazaar
 56164 | Bazaar   | Found Anoppo's Jewellery Emporium.
 56164 | Bazaar   | Found Wizai's Assorted Antiques.
 56164 | Bazaar   | Found Letisut's Armour Shoppe.
 56166 | Bazaar   | Found Azisig's Book Boutique.
 56166 | Bazaar   | Found Zaff's Armour Shoppe.
 56186 | Bazaar   | Bought a scroll labelled ATUAMISK NOB GIBB for 12 gold
                  | pieces
 56186 | Bazaar   | Bought a potion of heal wounds for 60 gold pieces
 56978 | Shoals:3 | Reached XP level 18. HP: 147/147 MP: 42/42
 57499 | Shoals:4 | Entered Level 4 of the Shoals
 57782 | Shoals:4 | Reached skill level 10 in Fighting
 58182 | Shoals:4 | Identified the +1 leather armour of Duty {rN+ Slay+3}
 58798 | Shoals:4 | Got a barnacled rune of Zot
 59215 | Shoals:4 | Identified the +0 chain mail of the Armoured One {MP+9}
 59479 | Shoals:4 | Offered knowledge of Spellforged Servitor by Vehumet.
 59662 | Shoals:4 | Acquired the +0 staff of Battle
 59662 | Shoals:4 | Found the +0 staff of Battle
 59678 | Shoals:4 | Learned a level 5 spell: Manifold Assault
 59886 | Shoals:4 | HP: 3/149 [satyr/arrow (34)]
 59888 | Shoals:4 | Reached skill level 21 in Spellcasting
 60916 | Vaults:1 | Entered Level 1 of the Vaults
 61039 | Vaults:1 | Reached skill level 1 in Staves
 61334 | Vaults:1 | You are sucked into a shaft and drop 1 floor!
 62660 | Vaults:1 | Offered knowledge of Lehudib's Crystal Spear by Vehumet.
 62660 | Vaults:1 | Offered knowledge of Fire Storm by Vehumet.
 62660 | Vaults:1 | Offered knowledge of Polar Vortex by Vehumet.
 62663 | Vaults:1 | Reached XP level 19. HP: 156/157 MP: 28/44
 62755 | Vaults:1 | Reached XP level 20. HP: 140/165 MP: 45/45
 62766 | Vaults:1 | Learned a level 9 spell: Fire Storm
 62775 | Vaults:1 | Learned a level 8 spell: Ignition
 63015 | Vaults:1 | HP: 1/165 [ironbound frostheart/creeping frost (26)]
 63016 | Vaults:1 | Killed from afar by an ironbound frostheart

Illustrated notes

Levels and vault maps discovered:
D:1:      dpeg_arrival_water_temple_mockup, layout_rooms,
          minmay_misc_feat_diagonals
D:2:      minmay_door_path, layout_basic, basic_altar
D:3:      layout_rooms, nicolae_qazlal_eye_of_the_storm
D:4:      layout_basic, uniq_menkaure
D:5:      layout_gridville, uniq_duvessa, uniq_eustachio, uniq_sigmund
D:6:      layout_basic, temple_statues, small_statue_intersection,
          minmay_ruined_shrine
D:7:      layout_cave_pools, centaur_isle, uniq_pikel
D:8:      layout_loops_ring, grunt_decor_mini_mirrors
D:9:      layout_irregular_city, erik_lair_dragon, serial_shops,
          nicolae_shop_competitors_out_of_business, nicolae_lakefront_shop,
          uniq_maurice, uniq_grum, uniq_erolcha
D:10:     layout_irregular_city, nicolae_overflow_hidden_temple,
          kennysheep_crisscross, minmay_variable_closet,
          onia_ninara_dug_in_and_dangerous
D:11:     layout_loops_ring
D:12:     layout_gridville, erik_orc_1, gammafunk_ghost_hydra_chop,
          nicolae_trove_entry_crystal, minivault_11
D:13:     cheibrodos_fzero, layout_cave_pools,
          lightli_vaults_fourway_checkpoint, gammafunk_ghost_berserking_beasts,
          serial_shops, shop_fountains
D:14:     layout_long_grid, infiniplex_staircase_pool_2, hangedman_fish_farm
D:15:     hangedman_depths_entry_try_elsewhere_first, layout_cave_pods,
          serial_shops, shop, minmay_fountain_box
Temple:   mainiacjoe_temple_bowtie_tessellation
Lair:1:   layout_long_grid
Lair:2:   layout_roguey, ebering_ghost_xom, serial_bayou_pond_a,
          lemuel_fruit_tree
Lair:3:   layout_small_grid, portal_ice_cave_demonic_guard,
          lemuel_centaur_altar, grunt_megastairs_2
Lair:4:   layout_roguey, minmay_shoals_entry_beasts,
          guppyfry_snake_entry_garden, beast_lair_carwin_5
Lair:5:   layout_loops_ring, nicolae_lair_run_with_the_wolves
Lair:6:   evilmike_catoblepas_cave, layout_loops_ring, slime_altar_1
Shoals:1: layout_shoals, gammafunk_ghost_necromancy
Shoals:2: layout_shoals, nicolae_shoals_nymph_descending_staircase
Shoals:3: layout_shoals, serial_shops, bzr_entry_safe
Shoals:4: shoals_end_hellmonk_lost_city
Snake:1:  layout_grid_shapes
Snake:2:  minmay_snake_river, layout_misc_corridors, nicolae_snake_horde_hoard
Snake:3:  layout_rooms, basic_altar, serial_bayou_crossing, serial_bayou_shore_a
Snake:4:  johnstein_snake_rune_scales, layout_gridlike, serial_shops,
          shop_coins, serial_bayou_ford_a
Orc:1:    layout_caves, basic_altar, enter_bailey_2, serial_shops,
          nicolae_lakefront_shop, nicolae_orc_lava_room, uniq_fannar, uniq_urug
Orc:2:    grunt_orc_cross, layout_caves
Vaults:1: v_rooms_4, vaults_mumra_lcd, ontoclasm_vaults_eye, special_room_vaults
          [special_room_orc], nicolae_vaults_theta, v_misc_13,
          dpeg_vaults_monster_box, ontoclasm_vaults_ligature, serial_ice_b,
          layout_vaults_omnigrid
Vaults:2: vaults_room_pools, v_rooms_3, v_misc_26, nicolae_vaults_alarming,
          vaults_room_pools, nicolae_vaults_disjoint_gnomons,
          vaults_room_glass_cross, vaults_room_fours,
          hangedman_vaults_restitches, layout_vaults_maze_bifur

Skill      XL: |  1  2  3  4  5  6  7  8  9 10 11 12 13 14 15 16 17 18 19 |
---------------+----------------------------------------------------------+-----
Spellcasting   | 3 4 5 6 8 9 10 12 13 14 15 16 18 19 20 21 | 21.5
Fighting       | 1 2 3 5 6 8 9 11 | 11.0
Conjurations   | 5 7 8 10 11 13 14 15 17 18 19 20 | 20.4
Stealth        | 2 3 4 |  4.3
Dodging        | 2 3 4 |  4.7
Translocations | 2 3 4 5 6 7 8 |  8.3
Hexes          | 2 4 5 7 |  7.8
Earth Magic    | 1 |  1.4
Evocations     | 1 |  1.0
Shields        | 3 4 |  4.0
Staves         | 1 |  1.1
Fire Magic     | 4 |  4.8
Poison Magic   | |  0.1

Action                   |  1- 3 |  4- 6 |  7- 9 | 10-12 | 13-15 | 16-18 | 19-21 || total
-------------------------+-------+-------+-------+-------+-------+-------+-------++-------
Melee: Unarmed           |       |     1 |       |       |       |       |       ||     1
       Dagger            |       |       |     7 |    41 |   114 |       |       ||   162
       Tailslap          |       |       |     2 |     4 |    18 |       |       ||    24
       Bite              |       |       |       |       |     3 |       |       ||     3
       Staff             |       |       |       |       |       |    26 |       ||    26
 Cast: Magic Dart        |    84 |    46 |   232 |   158 |   468 |   499 |    11 ||  1498
       Searing Ray       |     1 |    20 |    51 |    50 |    50 |       |       ||   172
       Iskenderun's Myst |       |       |     1 |   102 |   191 |   198 |     3 ||   495
       Fulminant Prism   |       |       |       |    99 |   204 |    33 |       ||   336
       Iron Shot         |       |       |       |       |    39 |       |       ||    39
       Mephitic Cloud    |       |       |       |       |    14 |     3 |     1 ||    18
       Orb of Destructio |       |       |       |       |    94 |   298 |    17 ||   409
       Iskenderun's Batt |       |       |       |       |    13 |   120 |       ||   133
       Swiftness         |       |       |       |       |     1 |       |       ||     1
       Manifold Assault  |       |       |       |       |       |    14 |       ||    14
 Abil: Breathe Acid      |       |       |     3 |     1 |     3 |       |       ||     7
       Evoke Blink       |       |       |       |       |     1 |       |       ||     1
Evoke: Wand              |       |       |       |     1 |     2 |       |       ||     3
  Use: Potion            |       |     4 |     4 |    10 |     1 |     5 |     3 ||    27
       Scroll            |       |       |    16 |     4 |     6 |    12 |       ||    38
Armor: Skin              |     1 |    10 |    34 |    60 |    90 |    62 |       ||   257
Dodge: Dodged            |    10 |    27 |   117 |   103 |   202 |   123 |     2 ||   584
Block: Buckler           |       |       |       |       |       |    80 |     1 ||    81

Table legend: (Time is in decaauts)
 A = Elapsed time spent in this place.
 B = Non-inter-level travel time spent in this place.
 C = Inter-level travel time spent in this place.
 D = Time resting spent in this place.
 E = Time spent auto-exploring this place.
 F = Levels seen in this place.
 G = Mean time per level.
                   A        B        C        D        E       F      G
               +--------+--------+--------+--------+--------+-----+--------+
         Total |  63148 |  59054 |   4094 |  26951 |  22702 |  37 | 1706.7 |
       Dungeon |  25866 |  23786 |   2080 |  10539 |  10282 |  15 | 1724.4 |
        Temple |    249 |    203 |     46 |      0 |    191 |   1 |  249.0 |
          Lair |  13148 |  11818 |   1330 |   5880 |   4299 |   6 | 2191.3 |
        Shoals |   6636 |   6533 |    103 |   2489 |   2583 |   4 | 1659.0 |
     Snake Pit |   8255 |   7931 |    324 |   4068 |   2461 |   4 | 2063.8 |
  Orcish Mines |   3524 |   3315 |    209 |   1284 |   1346 |   2 | 1762.0 |
        Vaults |   2102 |   2102 |      0 |    818 |    755 |   2 | 1051.0 |
        Bazaar |     45 |     45 |      0 |      0 |     29 |   1 |   45.0 |
        Bailey |    565 |    565 |      0 |    119 |    247 |   1 |  565.0 |
      Ice Cave |   2753 |   2753 |      0 |   1754 |    509 |   1 | 2753.0 |
               +--------+--------+--------+--------+--------+-----+--------+

Top non-repeatable levels by time:
     D:9: 3782 daAuts
     D:7: 3403 daAuts
 Snake:2: 3260 daAuts
  Lair:4: 2890 daAuts
   Orc:2: 2769 daAuts
   IceCv: 2753 daAuts
 Snake:4: 2714 daAuts
Shoals:4: 2624 daAuts
  Lair:6: 2546 daAuts
    D:12: 2525 daAuts
  Lair:5: 2363 daAuts
  Lair:3: 2180 daAuts
     D:6: 2137 daAuts
  Lair:2: 1996 daAuts
    D:11: 1983 daAuts
